 Dungeon Crawl Stone Soup version 0.19-a0-1907-gcff654f (webtiles) character file.

28 Leszczynek the Skirmisher (level 3, -1/37 HPs)
             Began as an Ogre Warper on Oct 21, 2016.
             Slain by a worker ant zombie (6 damage)
             ... on level 3 of the Dungeon.
             The game lasted 00:03:04 (652 turns).

Leszczynek the Skirmisher (Ogre Warper)              Turns: 652, Time: 00:03:05

Health: -1/37      AC:  3    Str: 16    XL:     3   Next: 12%
Magic:  7/7        EV: 10    Int: 12    God:
Gold:   16         SH:  0    Dex: 10    Spells: 0 memorised, 7 levels left

rFire  . . .     SeeInvis .     a - +0 mace
rCold  . . .     Gourm    .     b - +0 robe
rNeg   . . .     Faith    .     (no shield)
rPois  .         Spirit   .     (helmet restricted)
rElec  .         Reflect  .     (no cloak)
rCorr  .         Harm     .     (gloves unavailable)
MR     .....                    (boots unavailable)
Stlth  +.........               (no amulet)
                                (no ring)
                                (no ring)

@: no status effects
A: unfitting armour, tough skin 1
a: no special abilities


You were on level 3 of the Dungeon.
You were not hungry.

You visited 1 branch of the dungeon, and saw 4 of its levels.

You collected 16 gold pieces.

Inventory:

Hand Weapons
 a - a +0 mace (weapon)
Missiles
 e - 5 tomahawks of dispersal
 p - 7 tomahawks (quivered)
Armour
 b - a +0 robe (worn)
Scrolls
 f - a scroll of blinking
 g - a scroll of remove curse {unknown}
 h - 3 scrolls of identify {unknown}
 l - a scroll of teleportation {unknown}
 m - a scroll of enchant armour {unknown}
 n - a scroll of fear {unknown}
Books
 c - a book of Spatial Translocations

   Spells                             Type                      Level
   a - Blink                          Translocation                2
   b - Shroud of Golubria             Charms/Translocation         2
   c - Lesser Beckoning               Translocation                3
   d - Portal Projectile              Translocation                3
   e - Teleport Other                 Translocation                3
   f - Passage of Golubria            Translocation                4
Comestibles
 d - 2 bread rations
 i - a fruit
 j - a beef jerky
 o - 6 chunks of flesh


   Skills:
 + Level 3.1 Fighting
 + Level 3.0 Maces & Flails
 + Level 1.6 Throwing
 + Level 2.4 Dodging
 + Level 2.8 Spellcasting
   Level 2.1 Translocations


You had 7 spell levels left.
You didn't know any spells.

Dungeon Overview and Level Annotations

Branches:
Dungeon (4/15)
 Temple: D:4-7

Altars:


Innate Abilities, Weirdness & Mutations

You are too large for most types of armour.
You have tough skin. (AC +1)


Message History

The worker ant zombie is severely damaged.
The worker ant zombie bites you but does no damage.
The worker ant zombie barely misses you.
You aren't carrying any potions.
You hit the worker ant zombie but do no damage.
The worker ant zombie is severely damaged.
The worker ant zombie barely misses you.
You hit the worker ant zombie.
The worker ant zombie is almost destroyed.
The worker ant zombie bites you.
You hit the worker ant zombie.
The worker ant zombie is almost destroyed.
The worker ant zombie bites you.
* * * LOW HITPOINT WARNING * * *
You hit the worker ant zombie.
The worker ant zombie is almost destroyed.
The worker ant zombie bites you.
* * * LOW HITPOINT WARNING * * *
The worker ant zombie bites you.
You die...

..... ###.#.# ....
..#^..# #...##.....#
#.#........#
####..........#
......#รท......# #.
#..#........#
#...######.##........#
#....@Zh#.##........#
#.#####.........>...#
###...[..#............#
.........#.##.........#
......................#
####...$.####...........
#.....# #.#######.##
#.....# #.# .# #.....#
#.# .#


You could see a hound and a worker ant zombie.

Vanquished Creatures
  2 dart slugs
  6 orcs
  A ball python (D:3)
  4 bats
  2 goblins
  A frilled lizard (D:3)
  A kobold (D:1)
17 creatures vanquished.

Notes
Turn   | Place    | Note
-------+----------+-------------------------------------------
     0 | D:1      | Leszczynek the Ogre Warper began the quest for the Orb.
     0 | D:1      | Reached XP level 1. HP: 22/22 MP: 3/3
   218 | D:2      | Reached XP level 2. HP: 24/29 MP: 3/5
   318 | D:3      | Reached skill level 3 in Fighting
   593 | D:4      | Reached XP level 3. HP: 27/37 MP: 7/7
   618 | D:3      | Reached skill level 3 in Maces & Flails
   652 | D:3      | Slain by a worker ant zombie

Vault maps used:
D:1:      minmay_arrival_stone_box
D:2:      lemuel_zombie_altar_kikubaaqudgha, cheibriados_altar_1
D:3:      wad_crossroads, nicolae_tso_swordbearing_angel
D:4:      nicolae_overflow_crystal_walls, gammafunk_temple_overflow_elements,
          first_bread, corexii_hall_statues_l, serial_bayou_lagoon_a,
          minmay_crystal_water, trog_wizard

Skill      XL: |  1  2  3 |
---------------+----------+-----
Fighting       | 3 |  3.1
Maces & Flails | 3 |  3.0
Throwing       | |  1.6
Dodging        | |  2.4
Spellcasting   | |  2.8
Translocations | |  2.1

Action                   || total
-------------------------++-------
Melee: Mace              ||    70
  Use: Potion            ||     3
 Stab: Invisible         ||     1
Armor: Robe              ||    22
Dodge: Dodged            ||    63
